 Dungeon Crawl Stone Soup version 0.20.1-1-g8b1a95d (webtiles) character file.

60 Irenicus the Scratcher (level 3, 0/17 HPs)
             Began as a Felid Chaos Knight on Oct 8, 2017.
             Slain by a dart slug (1 damage)
             ... on level 2 of the Dungeon.
             The game lasted 00:02:57 (1167 turns).

Irenicus the Scratcher (Felid Chaos Knight)         Turns: 1167, Time: 00:02:57

Health: 0/17       AC:  2    Str:  8    XL:     3   Next: 82%
Magic:  3/4        EV: 24    Int: 13    God:    Xom [....*.]
Gold:   102        SH:  0    Dex: 19    Spells: 2/2 levels left
                                        Lives:  0   Deaths: 0

rFire    . . .     SeeInvis +     - Unarmed
rCold    . . .     Gourm    .   (shield unavailable)
rNeg     . . .     Faith    .   (armour unavailable)
rPois    .         Spirit   .   (helmet unavailable)
rElec    .         Reflect  .   (cloak unavailable)
rCorr    .         Harm     .   (gloves unavailable)
MR       .....                  (boots unavailable)
Stlth    +++.......             (no amulet)
Regen    0.1/turn               i - ring of flight
MPRegen  0.1/turn               (no ring)

@: agile, flying, quick
A: no armour, no weapons or thrown items, stealth, claws 1, fangs 3, see
invisible, carnivore 3, clumsy 1, speed 1, screaming 1, shaggy fur 2, slow
metabolism 1, sharp paws
a: Renounce Religion, Stop Flying


You were on level 2 of the Dungeon.
You worshipped Xom.
You were a beloved toy of Xom.
You were completely stuffed.

You visited 1 branch of the dungeon, and saw 2 of its levels.

You collected 102 gold pieces.

Inventory:

Jewellery
 i - a ring of flight (left paw)
Scrolls
 b - a scroll of magic mapping {unknown}
 c - 2 scrolls of remove curse {unknown}
 e - 3 scrolls of identify {unknown}
Potions
 d - a potion of brilliance {unknown}
 f - a potion of heal wounds {unknown}
 g - a potion of curing
Comestibles
 a - 2 meat rations


   Skills:
 - Level 3.0 Fighting
 - Level 3.2 Dodging
 + Level 1.9 Stealth
 + Level 4.5 Unarmed Combat


You had 2 spell levels left.
You didn't know any spells.

Dungeon Overview and Level Annotations

Branches:
Dungeon (2/15)

Altars:
Cheibriados
Xom


Innate Abilities, Weirdness & Mutations

You cannot wear armour.
You are incapable of wielding weapons or throwing items.
Your paws allow you to move quietly. (Stealth)
You have sharp claws.
You have razor-sharp teeth.
You have supernaturally acute eyesight. (SInv)
You are carnivorous and can eat meat at any time.
You cover ground quickly.
You are covered in thick fur. (AC +2)
You have a slow metabolism.
Your sharp claws are effective at attacking unaware monsters.
You are clumsy. (Dex -2)
You occasionally shout uncontrollably at your foes.


Message History

Eating a chunk of flesh.
You eat the chunk of flesh.
This raw flesh tastes great.
A dart slug comes into view.
Found a snail-covered altar of Cheibriados.
You enter the shallow water.
Moving in this stuff is going to be slow.
The dart slug launches a dart at you. The slug dart hits you!
The dart slug launches a dart at you. The slug dart hits you!
You fail to use your ability.
The dart slug launches a dart at you. The slug dart hits you!
* * * LOW HITPOINT WARNING * * *
You feel agile all of a sudden.
You fail to use your ability.
You feel very buoyant.
You fly up into the air.
You feel somewhat less full. The dart slug bites you.
You die...

##..†..#### #........#
#........#
####.....##############
###................#
#.########...###.# #.#
#.≈≈≈.# #.# #≈≈≈≈≈#
#.##### #≈@w≈≈#
##.....# #≈≈≈≈≈#
#....#.# ##≈≈≈##
#..###.# ##_## ###
#..###.# ###
..####......#
#......######
#..#########
....)##....#


You could see a dart slug.

Vanquished Creatures
  Natasha (D:2)
  2 adders (D:2)
  A leopard gecko (D:1)
  2 giant cockroaches (D:2)
  3 goblins
  A hobgoblin (D:2)
  A bat (D:2)
  2 frilled lizards (D:1)
  4 kobolds
  A rat (D:1)
18 creatures vanquished.

Notes
Turn   | Place    | Note
-------+----------+-------------------------------------------
     0 | D:1      | Irenicus the Felid Chaos Knight began the quest for the Orb.
     0 | D:1      | Reached XP level 1. HP: 10/10 MP: 2/2
   138 | D:1      | XOM: divination: detect creatures
   225 | D:1      | XOM: give mutations
   225 | D:1      | Gained mutation: You are covered in thick fur. (AC +2) [Xom's grace]
   225 | D:1      | Gained mutation: Your mind is acute. (Int +2) [Xom's grace]
   324 | D:1      | XOM is BORED!
   324 | D:1      | XOM: give mutations
   324 | D:1      | Lost mutation: Your mind is acute. (Int +2) [Xom's mischief]
   324 | D:1      | Gained mutation: You are clumsy. (Dex -2) [Xom's mischief]
   324 | D:1      | Gained mutation: You occasionally shout uncontrollably at your foes. [Xom's mischief]
   566 | D:2      | Reached XP level 2. HP: 10/14 MP: 3/3
   935 | D:2      | XOM: scenery: create altars
  1010 | D:2      | Reached skill level 1 in Stealth
  1010 | D:2      | Reached skill level 4 in Unarmed Combat
  1010 | D:2      | Reached XP level 3. HP: 15/17 MP: 4/4
  1117 | D:2      | Noticed Natasha
  1120 | D:2      | Killed Natasha
  1157 | D:2      | Found a snail-covered altar of Cheibriados.
  1167 | D:2      | Slain by a dart slug

Skill      XL: |  1  2 |
---------------+-------+-----
Stealth        | 1 |  1.9
Unarmed Combat | 4 |  4.5
Fighting       | |  3.0
Dodging        | |  3.2

Action                   || total
-------------------------++-------
Melee: Unarmed           ||    57
       Bite              ||     6
 Abil: Evoke Flight      ||     1
  Use: Potion            ||     3
 Stab: Sleeping          ||     5
  Eat: Chunk             ||     8
Armor: Skin              ||     3
Dodge: Dodged            ||    33
